 Dungeon Crawl Stone Soup version 0.21.1-1-g345015f (webtiles) character file.

42415 Monsterracer the Basher (level 14, -2/93 HPs)
             Began as a Human Wizard on Feb 9, 2018.
             Was a High Priest of Hepliaklqana.
             Slain by a spiny frog (18 damage)
             ... on level 6 of the Lair of Beasts.
             The game lasted 01:04:25 (22760 turns).

Monsterracer the Basher (Human Wizard)             Turns: 22760, Time: 01:04:25

Health: -2/93      AC: 12    Str: 13    XL:     14   Next: 55%
Magic:  5/26       EV: 15    Int: 19    God:    Hepliaklqana [*****.]
Gold:   793        SH:  0    Dex: 11    Spells: 10/30 levels left

rFire    + . .     SeeInvis .   a - +4 flail (venom)
rCold    . . .     Gourm    .   (no shield)
rNeg     . . .     Faith    .   y - +0 robe {rF+}
rPois    .         Spirit   .   v - +0 hat
rElec    .         Reflect  .   t - +1 cloak
rCorr    .         Harm     .   e - +2 pair of gloves
MR       ++...                  d - +2 pair of boots
Stlth    ++........             m - amulet of magic regeneration
HPRegen  0.25/turn              H - ring of protection from magic {!d}
MPRegen  0.45/turn              M - +2 ring of protection

@: about to teleport, very slightly contaminated
A: reduced essence
a: Recall Ancestor, Ancestor Identity, Transference, Idealise, Renounce Religion


You were on level 6 of the Lair of Beasts.
You worshipped Hepliaklqana.
Hepliaklqana was extremely pleased with you.
You were not hungry.

You visited 3 branches of the dungeon, and saw 17 of its levels.
You also visited: Sewer and Bailey.

You collected 793 gold pieces.

Inventory:

Hand Weapons
 a - a +4 flail of venom (weapon)
 b - a +0 whip of holy wrath
 E - a +0 morningstar
Missiles
 G - a throwing net (quivered)
Armour
 d - a +2 pair of boots (worn)
 e - a +2 pair of gloves (worn)
 q - the +5 chain mail of Meiliguha {rF+ rC+ rCorr Dex+3}
   (You found it on level 4 of the Dungeon)

   It affects your dexterity (+3).
   It protects you from fire.
   It protects you from cold.
   It protects you from acid and corrosion.
 s - a +0 ring mail
 t - a +1 cloak (worn)
 v - a +0 hat (worn)
 y - a +0 robe of fire resistance (worn)
Jewellery
 m - an amulet of magic regeneration (around neck)
 o - an uncursed ring of protection from magic {!d}
 H - a ring of protection from magic (left hand) {!d}
 J - an uncursed ring of see invisible
 L - an uncursed ring of resist corrosion {!d}
 M - a +2 ring of protection (right hand)
Wands
 f - a wand of enslavement (25)
 C - a wand of digging (30)
 F - a wand of polymorph (17)
 K - a wand of iceblast (5)
 N - a wand of paralysis (10)
 P - a wand of disintegration (35)
Scrolls
 g - 2 scrolls of fear {!r}
 h - 3 scrolls of remove curse
 k - 7 scrolls of identify
 l - 5 scrolls of magic mapping {!r}
 n - 5 scrolls of fog
 B - a scroll of teleportation
 D - a scroll of enchant weapon
 O - a scroll of amnesia
Potions
 i - 9 potions of mutation {!q}
 j - 10 potions of curing
 p - 9 potions of heal wounds
 r - 5 potions of lignification
 u - a potion of invisibility
 w - 7 potions of magic
 x - 4 potions of brilliance
 z - 3 potions of resistance
 A - 4 potions of might
 I - a potion of flight
 Q - a potion of haste
 R - a potion of berserk rage {!q}
Comestibles
 c - 32 rations


   Skills:
 + Level 7.8 Fighting
 * Level 11.0 Maces & Flails
 + Level 3.7 Armour
 + Level 7.4 Dodging
 - Level 2.0 Stealth
 + Level 8.5 Spellcasting
 - Level 10.1 Conjurations
   Level 1.0 Summonings
 + Level 9.1 Necromancy
 - Level 3.0 Translocations
 - Level 5.0 Earth Magic
 + Level 7.4 Invocations


You had 10 spell levels left.
You knew the following spells:

 Your Spells              Type           Power        Failure   Level  Hunger
a - Magic Dart            Conj           ####         1%          1    None
b - Conjure Flame         Conj/Fire      ####....     3%          3    None
c - Mephitic Cloud        Conj/Pois/Air  ###.....     6%          3    None
d - Borgnjor's Vile Clut  Necr/Erth      ####......   13%         5    #####..
e - Blink                 Tloc           N/A          3%          2    None
f - Static Discharge      Conj/Air       ####....     3%          3    None
j - Regeneration          Chrm/Necr      ####......   4%          3    None


Dungeon Overview and Level Annotations

Branches:
Dungeon (10/15)            Temple (1/1) D:6            Lair (6/6) D:10
  Swamp (0/4) Lair:4        Snake (0/4) Lair:3        Slime (0/5) Lair:6
    Orc (0/2) D:9

Altars:
Ashenzari
Cheibriados
Dithmenos
Elyvilon
Fedhas
Gozag
Hepliaklqana
Kikubaaqudgha
Makhleb
Nemelex Xobeh
Okawaru
Qazlal
Ru
Sif Muna
Trog
Uskayaw
Vehumet
Wu Jian
Xom
Yredelemnul
Zin
The Shining One

Shops:
D:10 (

Annotations:
D:6 1 runed door
D:10 exclusion: obsidian statue


Message History

You now have 14/26 mp.
Casting: Blink
Confirm with . or Enter, or press ? or * to list all spells.
Aiming: Borgnjor's Vile Clutch
Press: ? - help, Dir - move target cursor, f/p - spiny frog
Aim: a spiny frog (heavily wounded) Decaying hands burst forth from the earth!
Zombie hands grab the spiny frog.
The blink frog croaks.
The zombie hands constrict the spiny frog!
You hear a croak. x2
The spiny frog struggles to escape constriction.
The spiny frog escapes!
You now have 10/26 mp.
Casting: Borgnjor's Vile Clutch
Confirm with . or Enter, or press ? or * to list all spells.
Aiming: Borgnjor's Vile Clutch
Press: ? - help, Dir - move target cursor, f/p - spiny frog
Aim: a spiny frog (severely wounded) Decaying hands burst forth from the earth!
Zombie hands grab the spiny frog.
The zombie hands constrict the spiny frog!
You feel sick. The spiny frog closely misses you.
A bullfrog comes into view.
You take 1 damage, and have 9/93 hp.
You now have 5/26 mp.
You hit the spiny frog but do no damage.
The spiny frog is almost dead.
The zombie hands constrict the spiny frog.
You kill the spiny frog!
Ayize hits the spiny frog with a flail.
Okay, then.
Okay, then.
Ayize hits the spiny frog with a flail.
Casting: Borgnjor's Vile Clutch
Confirm with . or Enter, or press ? or * to list all spells.
You blink.
A vampire mosquito comes into view.
The vampire mosquito buzzes angrily.
A vampire mosquito comes into view.
You now have 5/26 mp.
Okay, then.
Okay, then.
As you read the scroll of teleportation, it crumbles to dust.
You feel strangely unstable.
You feel sick. The bullfrog barely misses you.
The blink frog blinks!
The bullfrog hits you but does no damage.
A blink frog and a jelly come into view.
You take 1 damage, and have 9/93 hp.
Okay, then.
You feel much better.
The jelly quivers.
The bullfrog barely misses you.
A komodo dragon comes into view.
You regained 25 hp, and now have 34/93 hp.
Casting: Blink
Confirm with . or Enter, or press ? or * to list all spells.
You miscast Blink.
You are very lightly contaminated with residual magic.
The floor and the ceiling briefly switch places.
The komodo dragon hisses angrily.
The vampire mosquito buzzes angrily.
The vampire mosquito barely misses you. The bullfrog misses you.
The jelly moves out of view.
The vampire mosquito misses you. The spiny frog closely misses you.
The bullfrog hits you but does no damage.
An elephant comes into view.
You now have 4/26 mp.
Your surroundings suddenly seem different.
The bullfrog croaks.
A spiny frog comes into view.
The spiny frog croaks.
A spiny frog comes into view.
The spiny frog gives a loud, deep croak!
A jelly comes into view.
The jelly quivers.
An elephant comes into view.
The elephant trumpets!
A komodo dragon comes into view.
The komodo dragon hisses angrily.
A bullfrog comes into view.
The bullfrog gives a loud, deep croak!
The elephant misses you. The elephant barely misses you.
An elephant comes into view.
The elephant trumpets!
A bullfrog comes into view.
The bullfrog croaks.
A blink frog comes into view.
The blink frog gives a loud, deep croak!
You hear an angry buzzing noise.
Found an elephant skeleton.
Found a staircase to the Slime Pits.
A tyrant leech, a spiny frog and an electric eel come into view.
Welcome back, Monsterracer the Human Wizard.
Hepliaklqana says: Through your memory, the past survives and persists.
Press ? for a list of commands and other information.
As you read the scroll of teleportation, it crumbles to dust.
You feel strangely unstable.
You feel sick.
You are no longer poisoned.
The komodo dragon bites you!!
* * * LOW HITPOINT WARNING * * *
The spiny frog stings you!!
You die...

≈≈≈≈≈≈≈≈≈≈≈≈≈P
##≈≈≈≈≈≈≈≈≈P≈≈.
≈≈≈≈≈≈≈≈≈FF≈≈..
#≈≈≈≈≈≈≈≈;F≈≈.≈
P..PF.≈w≈≈..≈≈.
###≈.JP≈.......
.......YF......
...F...@.......
..P...Y.l.....J
..P............
..###.F....÷...
. #.....#...#
#..........
.#...#..>..
#.P.........


You could see 2 elephants, a tyrant leech, a komodo dragon, 3 spiny frogs, a
blink frog, 3 bullfrogs, 2 jellies and an electric eel.

Vanquished Creatures
  An ice dragon (Lair:4)
  4 two-headed ogres
  The ghost of Monsterracer the Destroyer, a novice HuWz of Ru (D:6)
  Pikel (D:6)
  An orc knight (Bailey)
  2 oklob plants
  5 black mambas
  10 spiny frogs
  4 komodo dragons
  A troll (D:9)
  The ghost of Quirk the Shield-Bearer, an amateur GnFi (D:4)
  A tyrant leech (Lair:4)
  7 hippogriffs
  6 blink frogs
  2 hogs (D:7)
  35 yaks
  A human (D:7)
  A vampire mosquito (Lair:5)
  2 basilisks
  A swamp worm (Lair:4)
  The ghost of anp the Insei, an amateur OpTm of Nemelex Xobeh (D:3)
  2 nagas (Lair:3)
  3 wargs
  9 water moccasins
  2 porcupines (Lair:5)
  2 orc warriors
  A slave (D:6)
  A sky beast (D:5)
  2 ice beasts
  4 ogres
  2 wolves (Lair:4)
  3 centaurs
  6 crocodiles
  A big kobold (D:9)
  9 bullfrogs
  A wyvern skeleton (D:10)
  6 killer bees
  7 wights
  4 howler monkeys
  5 crimson imps
  A bullfrog zombie (D:5)
  7 hounds
  3 jellies
  8 orc priests
  6 orc wizards
  2 centaur skeletons
  An ancestor (D:8)
  An iguana (D:9)
  7 worker ants
  2 hound skeletons
  26 gnolls
  A howler monkey skeleton (D:5)
  4 river rats (Sewer)
  14 adders
  A shadow imp (D:10)
  2 white imps (Lair:4)
  An ooze (Sewer)
  2 adder skeletons
  2 worms
  A dart slug (D:3)
  10 leopard geckos
  35 orcs
  5 bats
  3 giant cockroaches
  8 goblins
  13 hobgoblins
  12 jackals
  23 kobolds
  5 quokkas
  12 ball pythons
  9 frilled lizards
  A jackal skeleton (D:6)
  2 leopard gecko skeletons
  27 rats
  A fungus (Lair:6)
  4 plants
420 creatures vanquished.

Vanquished Creatures (collateral kills)
  A two-headed ogre (D:9)
  A black mamba (Lair:2)
  2 rime drakes
  4 spiny frogs
  3 komodo dragons
  2 blink frogs (Lair:2)
  A hippogriff (Lair:1)
  9 yaks
  A hungry ghost (D:8)
  A vampire mosquito (Lair:6)
  5 water moccasins
  3 porcupines
  A phantom (D:7)
  An ogre (D:4)
  A wolf (Lair:4)
  A crocodile (Lair:6)
  A big kobold (D:10)
  2 bullfrogs
  A scorpion (D:9)
  A killer bee (D:7)
  3 wights
  3 crimson imps
  A bullfrog zombie (D:8)
  A centaur zombie (D:8)
  A worker ant (D:9)
  5 gnolls
  A white imp (Lair:4)
  7 orcs
  3 hobgoblins (Bailey)
  2 kobolds
  2 quokka zombies
  A bush (Lair:1)
  2 plants
74 creatures vanquished.

Vanquished Creatures (others)
  An elephant (Lair:6)
  A bullfrog (D:6)
  8 knights
  6 ancestors
  7 fungi
  29 plants
52 creatures vanquished.

Grand Total: 546 creatures vanquished

Notes
Turn   | Place    | Note
-------+----------+-------------------------------------------
     0 | D:1      | Monsterracer the Human Wizard began the quest for the Orb.
     0 | D:1      | Reached XP level 1. HP: 13/13 MP: 4/4
   255 | D:1      | Reached XP level 2. HP: 19/19 MP: 0/6
   260 | D:1      | Learned a level 2 spell: Blink
   642 | D:1      | Reached XP level 3. HP: 24/24 MP: 3/7
   647 | D:1      | Learned a level 3 spell: Conjure Flame
  1277 | D:2      | Reached XP level 4. HP: 30/30 MP: 3/8
  1312 | D:2      | Learned a level 3 spell: Mephitic Cloud
  1393 | D:2      | Reached XP level 5. HP: 35/35 MP: 9/9
  1660 | D:2      | HP: 11/35 [gnoll/spear (9)]
  1919 | D:3      | Reached skill level 5 in Conjurations
  1967 | D:3      | HP: 17/35 [orc (2)]
  1972 | D:3      | HP: 15/35 [orc (2)]
  2152 | D:3      | Reached XP level 6. HP: 41/41 MP: 8/10
  2209 | D:3      | Noticed anp's ghost (amateur OpTm)
  2297 | D:3      | Killed anp's ghost
  2800 | D:4      | Found a glowing drain.
  2809 | D:4      | Reached XP level 7. HP: 46/46 MP: 12/12
  2893 | Sewer    | Entered a sewer
  3675 | D:5      | Entered Level 5 of the Dungeon
  3796 | D:5      | HP: 20/46 [ice beast (13)]
  3799 | D:5      | Reached skill level 1 in Maces & Flails
  3799 | D:5      | Reached XP level 8. HP: 24/53 MP: 10/14
  4194 | D:5      | Reached skill level 1 in Fighting
  4406 | D:5      | Reached skill level 2 in Maces & Flails
  4450 | D:5      | HP: 20/54 [orc priest/divine providence (9)]
  4928 | D:5      | Found an iron altar of Okawaru.
  4929 | D:5      | Found an ancient bone altar of Kikubaaqudgha.
  4931 | D:5      | Found a white marble altar of Elyvilon.
  4934 | D:5      | Found an ornate altar of the Wu Jian Council.
  4937 | D:5      | Found a glowing silver altar of Zin.
  4937 | D:5      | Found a sacrificial altar of Ru.
  4937 | D:5      | Found a shadowy altar of Dithmenos.
  4938 | D:5      | Found a stormy altar of Qazlal.
  4938 | D:5      | Found a radiant altar of Vehumet.
  4939 | D:5      | Found a sparkling altar of Nemelex Xobeh.
  4943 | D:5      | Found a blossoming altar of Fedhas.
  4945 | D:5      | Found a bloodstained altar of Trog.
  4955 | D:5      | Became a worshipper of Ru the Awakened
  5179 | D:6      | Found a runed door.
  5210 | D:6      | Noticed Pikel
  5226 | D:6      | Killed Pikel
  5226 | D:6      | Reached skill level 4 in Maces & Flails
  5226 | D:6      | Reached skill level 5 in Spellcasting
  5226 | D:6      | Reached XP level 9. HP: 46/62 MP: 16/16
  5316 | D:6      | Noticed Monsterracer's ghost (novice HuWz)
  5526 | D:6      | Killed Monsterracer's ghost
  6003 | D:6      | Found a staircase to the Ecumenical Temple.
  6007 | D:6      | Reached skill level 5 in Maces & Flails
  6016 | Temple   | Entered the Ecumenical Temple
  6064 | Temple   | Fell from the grace of Ru
  6064 | Temple   | Became a worshipper of Hepliaklqana the Forgotten
  6360 | D:4      | Noticed Quirk's ghost (amateur GnFi)
  6405 | D:4      | Killed Quirk's ghost
  6549 | D:4      | Got a heavily runed chain mail
  6700 | D:4      | Reached skill level 1 in Invocations
  7327 | D:7      | Reached * piety under Hepliaklqana
  7350 | D:7      | HP: 27/57 [phantom (9)]
  7351 | D:7      | Reached XP level 10. HP: 30/63 MP: 18/18
  7845 | D:7      | Reached skill level 6 in Maces & Flails
  8450 | D:8      | Noticed a two-headed ogre
  8482 | D:8      | Killed a two-headed ogre
  8482 | D:8      | Reached skill level 10 in Conjurations
  8571 | D:8      | Noticed a two-headed ogre
  8574 | D:8      | HP: 25/65 [two-headed ogre/giant club (29)]
  8796 | D:8      | Killed a two-headed ogre
  8796 | D:8      | Reached skill level 7 in Maces & Flails
  8796 | D:8      | Reached XP level 11. HP: 69/70 MP: 14/20
  8878 | D:8      | Learned a level 3 spell: Regeneration
  8884 | D:8      | Learned a level 5 spell: Borgnjor's Vile Clutch
  8939 | D:8      | Reached skill level 5 in Fighting
  9212 | D:8      | Found a sparkling altar of Nemelex Xobeh.
  9219 | D:8      | Reached ** piety under Hepliaklqana
  9220 | D:8      | Remembered your ancestor Ayize as a knight
  9627 | D:8      | Reached skill level 1 in Necromancy
  9980 | D:9      | Noticed a two-headed ogre
  9988 | D:9      | Noticed a two-headed ogre
  9990 | D:9      | Killed a two-headed ogre
 10024 | D:9      | Killed a two-headed ogre
 10024 | D:9      | Reached skill level 8 in Maces & Flails
 10101 | D:9      | Found a staircase to the Orcish Mines.
 10149 | D:9      | Reached skill level 5 in Dodging
 10453 | D:9      | Identified the +5 chain mail of Meiliguha {rF+ rC+ rCorr Dex+3} (You found it on level 4 of the Dungeon)
 11001 | D:10     | Entered Level 10 of the Dungeon
 11002 | D:10     | Found a staircase to the Lair.
 11112 | D:10     | HP: 29/72 [yak (13)]
 11117 | D:10     | HP: 27/72 [poisoned by a water moccasin]
 11123 | D:10     | HP: 26/72 [poisoned by a water moccasin]
 11131 | D:9      | HP: 26/72 [poisoned by a water moccasin]
 11317 | D:10     | Found a flagged portal.
 11438 | Bailey   | Entered a bailey
 11493 | Bailey   | Reached skill level 5 in Invocations
 11536 | Bailey   | HP: 31/72 [gnoll/halberd of electrocution (6)]
 11993 | Bailey   | Noticed an orc knight
 12028 | Bailey   | Killed an orc knight
 12301 | D:10     | Noticed an obsidian statue
 12482 | D:10     | Reached XP level 12. HP: 76/79 MP: 22/22
 12512 | D:10     | Found Datuymuc's Antique Weapon Shoppe.
 12515 | D:10     | Noticed a two-headed ogre
 12554 | D:10     | Killed a two-headed ogre
 12554 | D:10     | Reached skill level 9 in Maces & Flails
 12911 | D:10     | Reached XP level 13. HP: 83/83 MP: 24/24
 13168 | Lair:1   | Entered Level 1 of the Lair of Beasts
 13168 | Lair:1   | Reached *** piety under Hepliaklqana
 13226 | Lair:1   | HP: 38/83 [yak (12)]
 13501 | Lair:1   | HP: 34/84 [black mamba (12)]
 13506 | Lair:1   | HP: 25/84 [poisoned by a black mamba]
 13511 | Lair:1   | HP: 20/84 [poisoned by a black mamba]
 13516 | Lair:1   | HP: 16/84 [poisoned by a black mamba]
 13522 | Lair:1   | HP: 14/84 [poisoned by a black mamba]
 13528 | Lair:1   | HP: 12/84 [poisoned by a black mamba]
 13536 | Lair:1   | HP: 12/84 [poisoned by a black mamba]
 13544 | Lair:1   | HP: 12/84 [poisoned by a black mamba]
 13853 | Lair:1   | Reached skill level 5 in Earth Magic
 13935 | Lair:1   | Found a blossoming altar of Fedhas.
 14907 | Lair:1   | HP: 37/84 [acid (6)]
 15885 | Lair:2   | Reached **** piety under Hepliaklqana
 15947 | Lair:2   | Reached skill level 1 in Armour
 16167 | Lair:2   | HP: 34/85 [komodo dragon (30)]
 17030 | Lair:3   | Reached skill level 10 in Maces & Flails
 17752 | Lair:3   | Reached ***** piety under Hepliaklqana
 17757 | Lair:3   | Found a staircase to the Snake Pit.
 17866 | Lair:3   | HP: 43/86 [poisoned by a spiny frog]
 17871 | Lair:3   | HP: 41/86 [poisoned by a spiny frog]
 17876 | Lair:3   | HP: 39/86 [poisoned by a spiny frog]
 17881 | Lair:3   | HP: 38/86 [poisoned by a spiny frog]
 17888 | Lair:3   | HP: 38/86 [poisoned by a spiny frog]
 17896 | Lair:3   | HP: 38/86 [poisoned by a spiny frog]
 18668 | Lair:4   | HP: 42/86 [bullfrog (4)]
 18674 | Lair:4   | HP: 37/86 [crocodile (1)]
 19037 | Lair:4   | Reached XP level 14. HP: 56/92 MP: 16/26
 19315 | Lair:4   | HP: 38/92 [yak (11)]
 19318 | Lair:4   | HP: 18/92 [yak (4)]
 19323 | Lair:4   | HP: 14/92 [poisoned by a black mamba]
 19328 | Lair:4   | HP: 11/92 [poisoned by a black mamba]
 19334 | Lair:4   | HP: 10/92 [poisoned by a black mamba]
 19340 | Lair:4   | HP: 9/92 [poisoned by a black mamba]
 19348 | Lair:4   | HP: 9/92 [poisoned by a black mamba]
 19772 | Lair:4   | Learned a level 3 spell: Static Discharge
 20209 | Lair:4   | HP: 23/92 [ice dragon/blast of cold (41)]
 20216 | Lair:4   | HP: 41/92 [white imp/puff of frost (3)]
 20772 | Lair:4   | Found a staircase to the Swamp.
 22286 | Lair:6   | Entered Level 6 of the Lair of Beasts
 22718 | Lair:6   | Reached skill level 11 in Maces & Flails
 22719 | Lair:6   | HP: 45/93 [poisoned by a spiny frog]
 22724 | Lair:6   | HP: 33/93 [poisoned by a spiny frog]
 22729 | Lair:6   | HP: 24/93 [poisoned by a spiny frog]
 22734 | Lair:6   | HP: 13/93 [poisoned by a spiny frog]
 22740 | Lair:6   | HP: 10/93 [poisoned by a spiny frog]
 22745 | Lair:6   | HP: 9/93 [poisoned by a spiny frog]
 22752 | Lair:6   | HP: 9/93 [poisoned by a spiny frog]
 22759 | Lair:6   | Found a staircase to the Slime Pits.
 22760 | Lair:6   | HP: 34/93 [poisoned by a spiny frog]
 22760 | Lair:6   | HP: 16/93 [komodo dragon (18)]
 22760 | Lair:6   | Slain by a spiny frog

Skill      XL: |  1  2  3  4  5  6  7  8  9 10 11 12 13 14 |
---------------+-------------------------------------------+-----
Conjurations   | 2 3 4 5 6 7 8 9 10 | 10.1
Spellcasting   | 4 5 6 7 8 |  8.5
Maces & Flails | 1 4 5 7 8 9 10 11 | 11.0
Fighting       | 2 3 4 6 7 |  7.8
Invocations    | 1 3 5 6 7 |  7.4
Dodging        | 4 5 6 7 |  7.4
Necromancy     | 3 7 8 9 |  9.1
Earth Magic    | 4 5 |  5.0
Translocations | 2 3 |  3.0
Armour         | 2 3 |  3.7
Stealth        | |  2.0
Summonings     | |  1.0

Action                   |  1- 3 |  4- 6 |  7- 9 | 10-12 | 13-15 || total
-------------------------+-------+-------+-------+-------+-------++-------
Melee: Spear             |    36 |    21 |     2 |       |       ||    59
       Halberd           |       |    59 |     2 |       |       ||    61
       Flail             |       |     9 |   211 |   366 |   395 ||   981
 Cast: Magic Dart        |    66 |    93 |   139 |   155 |   136 ||   589
       Conjure Flame     |       |    10 |     4 |    24 |    10 ||    48
       Mephitic Cloud    |       |     4 |     4 |    15 |     4 ||    27
       Blink             |       |     2 |     2 |     3 |     3 ||    10
       Borgnjor's Vile C |       |       |       |       |    19 ||    19
       Static Discharge  |       |       |       |       |     5 ||     5
Invok: Recall Ancestor   |       |       |       |     3 |     1 ||     4
       Ancestor Life: Kn |       |       |       |     1 |       ||     1
  Use: Scroll            |       |     9 |    12 |     5 |     8 ||    34
       Potion            |       |       |       |     1 |     2 ||     3
 Stab: Confused          |       |     4 |     2 |     4 |       ||    10
       Sleeping          |       |       |     1 |     2 |       ||     3
       Distracted        |       |       |       |     1 |     5 ||     6
  Eat: Chunk             |     1 |     6 |    16 |    18 |    24 ||    65
       Ration            |       |       |       |       |     4 ||     4
Armor: Robe              |    16 |    26 |   102 |   104 |    96 ||   344
Dodge: Dodged            |    30 |    60 |   282 |   291 |   272 ||   935

Vault maps used:
D:1:      nzn_arrival_crosshair
D:2:      minmay_misc_feat_enclosed
D:3:      first_ration, hangedman_decor_clover_reticule, hex_medium,
          serial_bayou_crossing
D:4:      gup_sewer_entry_glass, kennysheep_small_spiral
D:5:      minitemple
D:6:      minmay_temple_entry_poolview, nicolae_sextant,
          lightli_church_of_beogh, uniq_pikel
D:7:      grunt_livestock
D:8:      kennysheep_spiral_hall, nemelex_spade_bored_becter
D:9:      orc_0_dummy
D:10:     erik_lair_orcish_takeover, serial_shops, shop, enter_bailey_2,
          minivault_16
Temple:   eino_wide_crystal_templ
Lair:1:   tgw_fedhas
Lair:2:   minmay_lair_oklob_chamber
Lair:3:   guppyfry_snake_entry_garden
Lair:4:   minmay_swamp_entry_worms, bobbens_ice_dragon_lair, grunt_megastairs_4
Lair:5:   lemuel_fruit_tree, serial_bayou_shore_b, infiniplex_staircase_pool_2
Lair:6:   minmay_lair_end_frog_pond, nicolae_slime_entry_slimehenge,
          serial_bayou_shore_b
Sewer:    sewer_minmay_w
Bailey:   bailey_axe_2, bailey
